 Dungeon Crawl Stone Soup version 0.28.0-53-g5a82cb258f (webtiles) character file.

Game seed: 16410208188036594018

45 Sin92 the Skirmisher (level 3, -2/29 HPs)
             Began as a Demonspawn Fighter on June 14, 2022.
             Slain by Sigmund
             ... wielding a +0 scythe
              (5 damage)
             ... on level 2 of the Dungeon.
             The game lasted 00:03:06 (1499 turns).

Sin92 the Skirmisher (Demonspawn Fighter)           Turns: 1499, Time: 00:03:06

Health: -2/29      AC:  6    Str: 16    XL:     3   Next: 42%
Magic:  3/3        EV:  8    Int:  9    God:
Gold:   160        SH:  0    Dex: 14    Spells: 2/2 levels left

rFire   . . .      SeeInvis .   a - +0 war axe
rCold   . . .      Faith    .   c - +0 buckler
rNeg    . . .      Spirit   .   b - +0 scale mail
rPois   .          Reflect  .   (no helmet)
rElec   .          Harm     .   (no cloak)
rCorr   .          Rampage  .   (no gloves)
Will    .....                   (no boots)
Stlth   ..........              (no amulet)
HPRegen 0.09/turn               (no ring)
MPRegen 0.16/turn               (no ring)

@: confused, mighty
A: magic regeneration
a: no special abilities


You were on level 2 of the Dungeon.
You visited 1 branch of the dungeon, and saw 2 of its levels.

You collected 160 gold pieces.

Inventory:

Hand Weapons
 a - a +0 war axe (weapon)
Missiles
 e - 66 stones (quivered)
Armour
 b - a +0 scale mail (worn)
 c - a +0 buckler (worn)
Scrolls
 f - a scroll of fear {unknown}


   Skills:
 + Level 3.4 Fighting
 + Level 2.3 Axes
 + Level 3.1 Armour
 + Level 3.1 Shields


You had 2 spell levels left.
You didn't know any spells.
Your spell library contained the following spells:

 Spells                   Type           Power      Damage    Failure   Level
 Conjure Ball Lightning   Conj/Air       0%         3x3d6     100%        6
 Discord                  Hex            0%         N/A       100%        8
 Disjunction              Tloc           0%         N/A       100%        8


Dungeon Overview and Level Annotations

Branches:
Dungeon (2/15)

Altars:

Annotations:
D:2 Sigmund


Innate Abilities, Weirdness & Mutations

You regenerate magic rapidly.


Message History

Sigmund the Dreaded comes into view.
He is wielding a +0 scythe.
Sigmund shouts!
Unknown command.
Sigmund is nearby!
Unknown command.
Sigmund points at you and mumbles some strange words.
The puff of flame hits you.
Sigmund is nearby!
Sigmund barely misses you.
Sigmund is nearby!
Unknown command.
Sigmund is nearby!
You closely miss Sigmund. Sigmund barely misses you.
Unknown command.
You hit Sigmund but do no damage.
An endoplasm comes into view.
Sigmund hits you with a +0 scythe!
There are monsters nearby!
Unknown command.
The endoplasm quivers.
You hit Sigmund.
Sigmund is lightly wounded.
Sigmund points at you and mumbles some strange words.
You are confused.
Unknown command.
You are too confused!
There are monsters nearby!
There are monsters nearby!
You are too confused!
Unknown command.
Unknown command.
Unknown command.
Unknown command.
You feel very mighty all of a sudden. Sigmund gestures at you while chanting.
The magic dart hits you.
You bump into the rock wall.
Sigmund hits you with a +0 scythe!
* * * LOW HITPOINT WARNING * * *
You bump into the rock wall.
Sigmund hits you with a +0 scythe.
You die...

### ..# ##########
#.# #......... #.#
#.######## ##.##
#.# .J. #.# #@#
#.# #@# #.# ####
#.# #.# #... #.#
####.### #.##
#.####......###.#.
#........)†.......
######.##)........
#.###......## #.#
#..###### #.#
#..######


You could see Sigmund and an endoplasm.

Vanquished Creatures
  2 dart slugs (D:1)
  7 ball pythons
  3 endoplasms (D:2)
  A giant cockroach (D:2)
  3 goblins
  7 hobgoblins
  3 jackals (D:1)
  2 kobolds
  A quokka (D:1)
  3 bats (D:2)
  A frilled lizard (D:2)
  3 rats (D:1)
36 creatures vanquished.

Vanquished Creatures (others)
  9 plants (D:1)
9 creatures vanquished.

Grand Total: 45 creatures vanquished

Notes
Turn   | Place    | Note
-------+----------+-------------------------------------------
     0 | D:1      | Sin92 the Demonspawn Fighter began the quest for the Orb.
     0 | D:1      | Reached XP level 1. HP: 18/18 MP: 1/1
   414 | D:1      | Gained mutation: You regenerate magic rapidly. [demonic
                  | ancestry]
   414 | D:1      | Reached XP level 2. HP: 24/24 MP: 2/2
   607 | D:1      | Found a faded altar of an unknown god.
  1076 | D:2      | Reached XP level 3. HP: 24/29 MP: 3/3
  1489 | D:2      | Noticed Sigmund
  1499 | D:2      | Slain by Sigmund

Illustrated notes

Levels and vault maps discovered:
D:1:      roderic_crop_circles_arrival_small, layout_loops_corners,
          ebering_ecumenical_altar_mist, kennysheep_pointless_box,
          nicolae_figureground_sparkle
D:2:      layout_loops_ring, minmay_crystal_room,
          hangedman_abyss_or_decor_stabs, uniq_sigmund

Skill      XL: |  1  2 |
---------------+-------+-----
Axes           | 2 |  2.3
Shields        | 3 |  3.1
Armour         | 3 |  3.1
Fighting       | |  3.4

Action                   || total
-------------------------++-------
Melee: War axe           ||    94
  Use: Potion            ||     1
Armor: Scale mail        ||    42
Dodge: Dodged            ||    55
Block: Buckler           ||    19
